 Dungeon Sprint DCSS version 0.26-a0-649-gf8c6c3aab7 (webtiles) character file.

Game seed: 4502664369697498250

60 sahdkjhfkaj the Insei (level 4, -1/35 HPs)
             Began as a Gnoll Transmuter on Sept 27, 2020.
             Slain by a water elemental (14 damage)
             ... in the Dungeon (Sprint III: "The Ten Rune Challenge").
             The game lasted 00:00:40 (301 turns).

sahdkjhfkaj the Insei (Gnoll Transmuter)             Turns: 301, Time: 00:00:41

Health: -1/35      AC:  2    Str: 13    XL:     4   Next: 4%
Magic:  11/11      EV: 15    Int: 16    God:
Gold:   39         SH:  0    Dex: 15    Spells: 13/14 levels left

rFire    . . .     SeeInvis .     - Unarmed
rCold    . . .     Faith    .   (no shield)
rNeg     . . .     Spirit   .   a - +0 robe
rPois    .         Reflect  .   (helmet currently unavailable)
rElec    .         Harm     .   (no cloak)
rCorr    .         Rampage  .   (no gloves)
MR       .....     NoTele   +   (boots currently unavailable)
Stlth    ++........             (no amulet)
HPRegen  0.11/turn              (no ring)
MPRegen  0.12/turn              (no ring)

@: appendages
A: distributed training, fangs 1, horns 2, talons 2, strong nose
a: End Transformation


You were in the Dungeon.
You had grown temporary horns.
You had grown temporary talons.
You visited 1 branch You collected 39 gold pieces.

Inventory:

Armour
 a - a +0 robe (worn)
Scrolls
 h - a scroll of blinking
 i - 2 scrolls of torment {unknown}
 j - 2 scrolls of identify {unknown}
 k - 2 scrolls of remove curse {unknown}
Potions
 b - 2 potions of flight {unknown}
 c - a potion of curing
 d - 3 potions of heal wounds
 e - a potion of haste
 f - 2 potions of magic
 g - a potion of berserk rage
 l - 4 potions of mutation


   Skills:
 + Level 3.5 Fighting
 + Level 2.3 Short Blades
 + Level 2.3 Long Blades
 + Level 2.3 Axes
 + Level 2.3 Maces & Flails
 + Level 2.3 Polearms
 + Level 2.3 Staves
 + Level 2.3 Slings
 + Level 2.3 Bows
 + Level 2.3 Crossbows
 + Level 2.3 Throwing
 + Level 2.3 Armour
 + Level 5.2 Dodging
 + Level 2.3 Stealth
 + Level 2.3 Shields
 + Level 7.0 Unarmed Combat
 + Level 5.5 Spellcasting
 + Level 1.9 Conjurations
 + Level 1.9 Hexes
 + Level 1.9 Summonings
 + Level 1.9 Necromancy
 + Level 1.9 Translocations
 + Level 4.3 Transmutations
 + Level 1.9 Fire Magic
 + Level 1.9 Ice Magic
 + Level 1.9 Air Magic
 + Level 1.9 Earth Magic
 + Level 1.9 Poison Magic
 + Level 2.6 Invocations
 + Level 2.3 Evocations


You had 13 spell levels left.
You knew the following spells:

 Your Spells              Type           Power        Failure   Level
a - Beastly Appendage     Tmut           ###...       2%          1

Your spell library contained the following spells:

 Spells                   Type           Power        Failure   Level
 Wereblood                Tmut           ###.....     3%          2
 Spider Form              Tmut/Pois      ##........   12%         3
 Ice Form                 Ice/Tmut       ##......     36%         4
 Blade Hands              Tmut           ###.......   56%         5


Dungeon Overview and Level Annotations

Branches:
Dungeon (1/1)

Altars:


Innate Abilities, Weirdness & Mutations

Your experience applies equally to all skills.
You have very sharp teeth.
Your uncanny sense of smell can sniff out nearby items.
You have a pair of horns on your head.
You have razor-sharp toenails.


Message History

You punch the water elemental, but do no damage.
The water elemental is severely damaged.
The water elemental closely misses you.
You completely miss the water elemental.
You claw the water elemental, but do no damage.
The water elemental is severely damaged.
The water elemental hits you!
You hit the water elemental but do no damage.
The water elemental is severely damaged.
The water elemental hits you.
The water elemental engulfs you in water!
You slip free of the water engulfing you.
You gasp with relief as air once again reaches your lungs.
You hit the water elemental.
The water elemental is severely damaged.
The water elemental barely misses you.
You barely miss the water elemental. Your kick misses the water elemental.
The water elemental is severely damaged.
The water elemental hits you!
You die...

▓<..#...#### ##.#
▓...#......#####..#
▓..##...†...#..#..#∆
▓##.##.##...#..#..# #+#+#
##.##.###..##'#..#......
▓#.####.##..###...'.⌠....
▓.###..##.[####...#...###
▓#.....##..###....# ⌠.#
###..##...##.@E..# .#∆
##..##....#......# #
#..###..##.#..†..# ∆∆
#..# #..#####....# ▓▓▓▓
▓▓▓▓ ▓▓▓▓▓▓


You could see a water elemental.

Vanquished Creatures
  Jessica (D)
  A human (D)
  A wolf (D)
  3 rats (D)
6 creatures vanquished.

Vanquished Creatures (others)
  2 plants (D)
2 creatures vanquished.

Grand Total: 8 creatures vanquished

Notes
Turn   | Place    | Note
-------+----------+-------------------------------------------
     0 | D        | sahdkjhfkaj the Gnoll Transmuter began the quest for the
                  | Orb.
     0 | D        | Reached XP level 1. HP: 17/17 MP: 6/6
    48 | D        | Noticed Jessica
    52 | D        | Killed Jessica
    52 | D        | Reached skill level 1 in Short Blades
    52 | D        | Reached skill level 1 in Long Blades
    52 | D        | Reached skill level 1 in Axes
    52 | D        | Reached skill level 1 in Maces & Flails
    52 | D        | Reached skill level 1 in Polearms
    52 | D        | Reached skill level 1 in Staves
    52 | D        | Reached skill level 1 in Slings
    52 | D        | Reached skill level 1 in Bows
    52 | D        | Reached skill level 1 in Crossbows
    52 | D        | Reached skill level 1 in Throwing
    52 | D        | Reached skill level 1 in Armour
    52 | D        | Reached skill level 1 in Stealth
    52 | D        | Reached skill level 1 in Shields
    52 | D        | Reached skill level 5 in Spellcasting
    52 | D        | Reached skill level 1 in Conjurations
    52 | D        | Reached skill level 1 in Hexes
    52 | D        | Reached skill level 1 in Summonings
    52 | D        | Reached skill level 1 in Necromancy
    52 | D        | Reached skill level 1 in Translocations
    52 | D        | Reached skill level 1 in Fire Magic
    52 | D        | Reached skill level 1 in Ice Magic
    52 | D        | Reached skill level 1 in Air Magic
    52 | D        | Reached skill level 1 in Earth Magic
    52 | D        | Reached skill level 1 in Poison Magic
    52 | D        | Reached skill level 1 in Evocations
    52 | D        | Reached XP level 2. HP: 24/24 MP: 6/8
    52 | D        | Reached XP level 3. HP: 29/29 MP: 6/9
   145 | D        | Reached skill level 5 in Dodging
   262 | D        | Reached skill level 7 in Unarmed Combat
   262 | D        | Reached XP level 4. HP: 34/35 MP: 8/11
   287 | D        | Noticed a water elemental
   301 | D        | Slain by a water elemental

Illustrated notes

Levels and vault maps discovered:
D:        dungeon_sprint_mu [sprint_mu_entry_cave, sprint_mu_temple_rooms,
          sprint_mu_d1_spiders, sprint_mu_d2_genie, sprint_mu_d3_branching,
          sprint_mu_orc_legion, sprint_mu_elf_gauntlet, sprint_mu_hive_nellie,
          sprint_mu_lair_fedhas, sprint_mu_vaults_butterflies,
          sprint_mu_slime_circle, sprint_mu_swamp_cave, sprint_mu_snake_twists,
          sprint_mu_blade_basic, sprint_mu_crypt_lich, sprint_mu_tomb_spiral,
          sprint_mu_vestibule_basic, sprint_mu_gehenna_hellfire,
          sprint_mu_dis_giant, sprint_mu_tartarus_statrot,
          sprint_mu_cocytus_islands, sprint_mu_zot1]

Skill      XL: |  1  2  3 |
---------------+----------+-----
Fighting       | 3 |  3.5
Short Blades   | 1 2 |  2.3
Long Blades    | 1 2 |  2.3
Axes           | 1 2 |  2.3
Maces & Flails | 1 2 |  2.3
Polearms       | 1 2 |  2.3
Staves         | 1 2 |  2.3
Slings         | 1 2 |  2.3
Bows           | 1 2 |  2.3
Crossbows      | 1 2 |  2.3
Throwing       | 1 2 |  2.3
Armour         | 1 2 |  2.3
Stealth        | 1 2 |  2.3
Shields        | 1 2 |  2.3
Spellcasting   | 5 |  5.5
Conjurations   | 1 |  1.9
Hexes          | 1 |  1.9
Summonings     | 1 |  1.9
Necromancy     | 1 |  1.9
Translocations | 1 |  1.9
Transmutations | 4 |  4.3
Fire Magic     | 1 |  1.9
Ice Magic      | 1 |  1.9
Air Magic      | 1 |  1.9
Earth Magic    | 1 |  1.9
Poison Magic   | 1 |  1.9
Invocations    | 2 |  2.6
Evocations     | 1 2 |  2.3
Dodging        | 5 |  5.2
Unarmed Combat | 7 |  7.0

Action                   |  1- 3 |  4- 6 || total
-------------------------+-------+-------++-------
Melee: Unarmed           |    22 |    10 ||    32
       Kick              |     5 |     3 ||     8
       Headbutt          |     3 |     1 ||     4
       Punch             |     1 |     2 ||     3
       Bite              |     1 |     1 ||     2
 Cast: Beastly Appendage |     5 |     1 ||     6
 Stab: Sleeping          |     3 |       ||     3
Dodge: Dodged            |    12 |     5 ||    17

Table legend: (Time is in decaauts)
 A = Elapsed time spent in this place.
 B = Non-inter-level travel time spent in this place.
 C = Inter-level travel time spent in this place.
 D = Time resting spent in this place.
 E = Time spent auto-exploring this place.
 F = Levels seen in this place.
 G = Mean time per level.
                   A        B        C        D        E       F      G
               +--------+--------+--------+--------+--------+-----+--------+
         Total |    296 |    296 |      0 |    178 |     35 |   1 |  296.0 |
       Dungeon |    296 |    296 |      0 |    178 |     35 |   1 |  296.0 |
               +--------+--------+--------+--------+--------+-----+--------+

Top non-repeatable levels by time:
       D: 296 daAuts
